 Dungeon Crawl Stone Soup version 0.24-a0-140-gcaa6c10 (webtiles) character file.

Game seed: 14927365954821562360

105 Lanoc the Vexing (level 4, 0/22 HPs)
             Began as a Spriggan Arcane Marksman on Mar 4, 2019.
             Succumbed to an adder's poison
             ... on level 2 of the Dungeon.
             The game lasted 00:03:20 (922 turns).

Lanoc the Vexing (Spriggan Arcane Marksman)          Turns: 922, Time: 00:03:21

Health: 0/22       AC:  2    Str:  6    XL:     4   Next: 54%
Magic:  8/8        EV: 25    Int: 14    God:
Gold:   79         SH:  0    Dex: 22    Spells: 6/7 levels left

rFire    . . .     SeeInvis +   a - +0 hunting sling
rCold    . . .     Gourm    .   (shield restricted)
rNeg     . . .     Faith    .   e - +0 robe
rPois    .         Spirit   .   (helmet restricted)
rElec    .         Reflect  .   (no cloak)
rCorr    .         Harm     .   (gloves unavailable)
MR       .....                  (boots unavailable)
Stlth    +++.......             (no amulet)
HPRegen  0.07/turn              i - ring of see invisible
MPRegen  0.11/turn              (no ring)

@: agile, lethally poisoned (0 -> -4), very quick
A: very small, unfitting armour, see invisible, herbivore, speed 3, slow
metabolism 2
a: no special abilities


You were on level 2 of the Dungeon.
You were not hungry.

You visited 1 branch of the dungeon, and saw 2 of its levels.

You collected 79 gold pieces.

Inventory:

Hand Weapons
 a - a +0 hunting sling (weapon)
Missiles
 c - 18 stones
 d - 25 sling bullets (quivered)
Armour
 e - a +0 robe (worn)
Jewellery
 i - a ring of see invisible (left hand)
Scrolls
 g - 4 scrolls of identify {unknown}
 h - 2 scrolls of remove curse {unknown}
Potions
 b - 2 potions of agility
 j - a potion of invisibility {unknown}
Comestibles
 f - 4 rations


   Skills:
 + Level 1.4 Fighting
 * Level 3.7 Slings
 + Level 3.7 Dodging
 + Level 2.1 Spellcasting
 * Level 4.6 Hexes


You had 6 spell levels left.
You knew the following spells:

 Your Spells              Type           Power        Failure   Level  Hunger
a - Corona                Hex            ##.....      3%          1    #......

Your spell library contained the following spells:

 Spells                   Type           Power        Failure   Level  Hunger
 Slow                     Hex            ##......     5%          2    ###....
 Inner Flame              Hex/Fire       #.......     26%         3    ###....
 Portal Projectile        Hex/Tloc       #.....       26%         3    ###....
 Cause Fear               Hex            ##........   34%         4    #####..
 Leda's Liquefaction      Hex/Erth       #.........   65%         4    #####..


Dungeon Overview and Level Annotations

Branches:
Dungeon (2/15)

Altars:
Hepliaklqana


Innate Abilities, Weirdness & Mutations

You are very small and have problems with some larger weapons.
You are too small for most types of armour.
You have supernaturally acute eyesight. (SInv)
You are a herbivore.
You cover ground extremely quickly.
You need to consume almost no food.


Message History

Aim: an adder You shoot a sling bullet.
The sling bullet misses the adder.
Firing (i - inventory. (/) - cycle)
d - 27 sling bullets (quivered)
Press: ? - help, Shift-Dir - straight line, f/p - adder
Aim: an adder You shoot a sling bullet.
The sling bullet misses the adder.
The adder misses you.
Firing (i - inventory. (/) - cycle)
d - 26 sling bullets (quivered)
Press: ? - help, Shift-Dir - straight line, f/p - adder
Aim: an adder You shoot a sling bullet.
The sling bullet hits the adder but does no damage.
The adder bites you.
* * * LOW HITPOINT WARNING * * *
You are lethally poisoned!
The adder poisons you! The adder bites you.
* * * LOW HITPOINT WARNING * * *
It was a potion of agility.
You feel agile all of a sudden.
You die...

..####..#.#.#. #g#
.............. #(# ###
#...........# #.###(##
######..#######
#.g.>..# #..# #..
#####.## #####..# #.#
#(# #......####.# #)#
#.###.......###########
#(#
#.####.....@S....(###.#
#............###.#(##.#
#.####.#####†...###...#
#.# #.# #####.#.####
#.# #.# ##.## #.# #.#
#.# ..# #.# #.# #.# #.#
#. #.#


You could see an adder.

Vanquished Creatures
  3 gnolls (D:2)
  3 adders
  3 leopard geckos
  11 goblins
  3 hobgoblins
  4 jackals (D:1)
  2 kobolds (D:2)
  2 ball pythons (D:1)
  4 bats
  7 frilled lizards
  8 rats
50 creatures vanquished.

Notes
Turn   | Place    | Note
-------+----------+-------------------------------------------
     0 | D:1      | Lanoc the Spriggan Arcane Marksman began the quest for the
                  | Orb.
     0 | D:1      | Reached XP level 1. HP: 9/9 MP: 3/3
    84 | D:1      | Reached XP level 2. HP: 14/14 MP: 3/5
   146 | D:1      | Reached skill level 1 in Fighting
   159 | D:1      | Reached skill level 4 in Hexes
   320 | D:1      | Reached XP level 3. HP: 10/18 MP: 6/6
   749 | D:2      | Reached XP level 4. HP: 21/22 MP: 8/8
   769 | D:2      | Found a hazy altar of Hepliaklqana.
   921 | D:2      | HP: 1/22 [adder (2)]
   922 | D:2      | Succumbed to an adder's poison

Levels and vault maps discovered:
D:1:      dpeg_arrival_tiny_i, layout_rooms, minmay_shallow_snake_nest
D:2:      layout_loops_ring, nicolae_overflow_crystal_walls,
          kennysheep_small_spiral, st_stairs_14, eino_curves_02,
          grunt_ministairs_10

Skill      XL: |  1  2  3 |
---------------+----------+-----
Fighting       | 1 |  1.4
Hexes          | 4 |  4.6
Slings         | 3 |  3.7
Spellcasting   | 2 |  2.1
Dodging        | |  3.7

Action                   |  1- 3 |  4- 6 || total
-------------------------+-------+-------++-------
 Fire: Hunting sling     |   111 |    39 ||   150
  Use: Potion            |       |     1 ||     1
Armor: Robe              |     4 |       ||     4
Dodge: Dodged            |    48 |    11 ||    59

Table legend:
 A = Non-vault XP
 B = Vault XP
 C = Vault XP percentage of total XP
 D = Non-vault monster count
 E = Vault monster count
 F = Vault count percentage of total count
                 A         B        C        D         E       F
            +---------+---------+-------+---------+---------+-------
      Total |     122 |      29 |  19.2 |      45 |       5 |  10.0
            +---------+---------+-------+---------+---------+-------
        D:1 |      45 |      28 |  38.4 |      27 |       4 |  12.9
        D:2 |      77 |       1 |   1.3 |      18 |       1 |   5.3
            +---------+---------+-------+---------+---------+-------
